 Dungeon Crawl Stone Soup version 0.17-a0-1399-gd5b76e1 (webtiles) character file.

464 urechis the Spear-Bearer (level 7, -11/50 HPs)
             Began as a Merfolk Gladiator on June 19, 2015.
             Was an Initiate of Yredelemnul.
             Mangled by Duvessa
             ... wielding a +0 short sword
              (15 damage)
             ... on level 4 of the Dungeon.
             The game lasted 00:11:03 (4194 turns).

urechis the Spear-Bearer (Merfolk Gladiator)        Turns: 4194, Time: 00:11:03

Health: -11/50     AC:  9    Str: 18      XL:     7   Next: 8%
Magic:  7/7        EV: 14    Int:  7      God:    Yredelemnul [......]
Gold:   139        SH:  0    Dex: 19 (22) Spells: 0 memorised, 6 levels left

rFire  . . .     SeeInvis .     a - +0 trident
rCold  . . .     Clarity  .     x - +5 leather armour of Nupp {Str+3 Dex+5}
rNeg   . . .     SustAt   .     (no shield)
rPois  .         Gourm    .     c - +0 helmet
rElec  .         Spirit   .     (no cloak)
rCorr  .         Warding  .     (no gloves)
rMut   .         Stasis   .     (no boots)
MR     .....                    (no amulet)
Stlth  +.........               (no ring)
                                (no ring)

@: flying, not resistant to hostile enchantments, very unstealthy
A: change form in water, swift swim
a: Renounce Religion


You were on level 4 of the Dungeon.
You worshipped Yredelemnul.
Yredelemnul was noncommittal.
You were not hungry.

You visited 1 branch of the dungeon, and saw 5 of its levels.

You collected 139 gold pieces.

Inventory:

Hand weapons
 a - a +0 trident (weapon)
Missiles
 e - 4 throwing nets (quivered)
Armour
 b - a +0 leather armour
 c - a +0 helmet (worn)
 x - the +5 leather armour of Nupp (worn) {Str+3 Dex+5}
   (You found it on level 5 of the Dungeon)

   It affects your strength (+3).
   It affects your dexterity (+5).
Jewellery
 w - an uncursed ring of stealth {unknown}
Scrolls
 f - 2 scrolls of enchant armour {unknown}
 g - 2 scrolls of noise {unknown}
 h - 2 scrolls of remove curse {unknown}
 j - a scroll of random uselessness {unknown}
 m - a scroll of immolation {unknown}
 n - 3 scrolls of identify {unknown}
 q - 2 scrolls of recharging {unknown}
 t - a scroll of teleportation {unknown}
 v - a scroll of amnesia {unknown}
 y - a scroll of fear {unknown}
Potions
 i - a potion of agility {unknown}
 k - a potion of resistance {unknown}
 l - a potion of magic {unknown}
 o - a potion of lignification {unknown}
 s - a potion of degeneration
 z - a potion of might {unknown}
 A - a potion of flight
Comestibles
 d - 4 bread rations
 p - 2 meat rations
 u - 2 chunks of flesh


   Skills:
 - Level 2.1 Fighting
 + Level 11.0 Polearms
 - Level 2.0 Throwing
 - Level 4.0 Dodging


You had 6 spell levels left.
You didn't know any spells.

Dungeon Overview and Level Annotations

Branches:
Dungeon (5/15)
 Temple: D:4-7

Altars:
Makhleb
Yredelemnul

Annotations:
D:4 Duvessa, Edmund, Pikel


Message History

Duvessa is lightly wounded.
Duvessa misses you. The kobold hits you with a dagger.
* * * LOW HITPOINT WARNING * * *
Duvessa hits you with a short sword!
* * * LOW HITPOINT WARNING * * *
Drink which item? (? for menu, Esc to quit)
Okay, then.
Duvessa hits you but does no damage.
Duvessa rages.
Duvessa hits you with a short sword.
* * * LOW HITPOINT WARNING * * *
Drink which item? (? for menu, Esc to quit)
You feel better. Duvessa closely misses you.
Duvessa hits you but does no damage.
You hear a shout!
Duvessa hits you with a short sword.
* * * LOW HITPOINT WARNING * * *
Duvessa hits you with a short sword!
You die...
Your body rises from the dead as a mindless zombie.

#.# #...# #.# #.).# ##.##
#...# ## ###...###...# ##.
#...........# ###..
#.#...###.### ....
#....####.# #.@
###..###..###.# #.
#.@eK......... #.
########.####.####### #.
#.......).......#########.
#.######)##...............
#.# #.##.....##########
#.# #†##.....# #.#
#.##.....# #.####
#.##.....#
#....###.######.#


You could see Duvessa (berserk) and a kobold.

Vanquished Creatures
  A slave (D:4)
  The ghost of urechis the Poker, an average MfGl (D:3)
  Dowan (D:4)
  A giant frog zombie (D:5)
  A crimson imp (D:5)
  A hound (D:4)
  An orc wizard (D:3)
  2 worker ants (D:4)
  3 adders
  3 gnolls (D:3)
  An adder zombie (D:5)
  4 worms (D:2)
  7 giant geckos
  15 orcs
  3 giant cockroaches
  13 hobgoblins
  4 jackals
  A quokka (D:5)
  2 ball pythons (D:1)
  9 bats
  10 giant newts
  5 goblins
  7 kobolds
  7 rats
103 creatures vanquished.

Notes
Turn   | Place    | Note
--------------------------------------------------------------
     0 | D:1      | urechis the Merfolk Gladiator began the quest for the Orb.
     0 | D:1      | Reached XP level 1. HP: 16/16 MP: 1/1
    46 | D:1      | Reached skill level 5 in Polearms
    48 | D:1      | Reached XP level 2. HP: 16/22 MP: 2/2
   542 | D:2      | Reached skill level 6 in Polearms
   542 | D:2      | Reached XP level 3. HP: 25/27 MP: 3/3
  1099 | D:2      | Reached XP level 4. HP: 22/33 MP: 4/4
  1127 | D:2      | Reached skill level 7 in Polearms
  1496 | D:3      | Reached skill level 8 in Polearms
  1551 | D:3      | Reached XP level 5. HP: 10/38 MP: 5/5
  1806 | D:3      | Noticed urechis's ghost (average MfGl)
  2098 | D:3      | Found a basalt altar of Yredelemnul.
  2106 | D:3      | Became a worshipper of Yredelemnul the Dark
  3062 | D:3      | Killed urechis's ghost
  3062 | D:3      | Reached skill level 9 in Polearms
  3062 | D:3      | Reached XP level 6. HP: 25/44 MP: 6/6
  3326 | D:4      | Noticed Edmund
  3329 | D:4      | Noticed Dowan
  3464 | D:4      | Found a burning altar of Makhleb.
  3503 | D:4      | Reached skill level 10 in Polearms
  3568 | D:4      | Noticed Pikel
  3616 | D:5      | Entered Level 5 of the Dungeon
  3738 | D:5      | Got a jacinth-encrusted leather armour
  3749 | D:5      | Identified the +5 leather armour of Nupp {Str+3 Dex+5} (You found it on level 5 of the Dungeon)
  4170 | D:4      | Noticed Duvessa
  4178 | D:4      | Killed Dowan
  4178 | D:4      | Reached skill level 11 in Polearms
  4178 | D:4      | Reached XP level 7. HP: 38/50 MP: 7/7
  4194 | D:4      | Mangled by Duvessa

Vault maps used:
D:1:      sevenhm_arrival_forest_fort_small_4, minivault_14
D:2:      first_bread
D:3:      lemuel_coloured_pillars_altar
D:4:      old_standard_altar, temple_green, uniq_pikel, uniq_duvessa,
          uniq_eustachio, uniq_edmund, uniq_crazy_yiuf_cottage
D:5:      nicolae_ossuary_entry_giza

Action                   |  1- 3 |  4- 6 |  7- 9 || total
-------------------------+-------+-------+-------++-------
Melee: Trident           |   125 |   290 |     5 ||   420
  Use: Potion            |       |     3 |     1 ||     4
 Stab: Sleeping          |     5 |     4 |       ||     9
  Eat: Chunk             |       |     9 |       ||     9
       Royal jelly       |       |     1 |       ||     1
